AoeStats
← eloycorsob

Arena

509377672Analyzed
4v4 RM · 7d ago on Sep 26, 2026· 50m 56s· 8 players
Game mode
Random Map
Map size
Large (8 player)
Population
200
Speed
Normal
Resources
Standard
Victory
Conquest
Starting age
Dark Age
Ending age
Imperial Age
RankedLock teamsTeams togetherTeam positionsShared explorationLock speedFull tech treeHidden civsTurbo modeCheats
Victory
Defeat
🇨🇳 Franks · China
586
+14
🇨🇳 Danes · China
570
+15
🇨🇳 Turks · China
441
+20
🇧🇷 Chinese · Brazil
433
+20
🇪🇸 Burgundians · Spain
609
-20
🇫🇷 Franks · France
526
-17
🇵🇱 Vietnamese · Poland
521
-17
🇷🇴 Spanish · Romania
491
-15
POLKOS
2:09 Loom
12:46 Feudal Age
13:28 Double-Bit Axe
13:27 Horse Collar
13:42 Gold Mining
13:43 Stone Mining
14:35 Wheelbarrow
21:15 Castle Age
22:10 Bow Saw
23:01 Heavy Plow
23:38 Stone Shaft Mining
24:02 Hand Cart
28:26 Fortified Wall
27:58 Treadmill Crane
28:14 Murder Holes
31:10 Imperial Age
29:39 Herbal Medicine
30:33 Padded Archer Armor
30:24 Fletching
30:57 Ballistics
32:02 Leather Archer Armor
33:08 Crop Rotation
34:51 Two-Man Saw
35:30 Ring Archer Armor
34:57 Bodkin Arrow
36:36 Paper Money
37:30 Elite Rattan Archer
40:12 Hoardings
39:45 Chatras
40:43 Bracer
40:36 Town Watch
41:33 Coinage
41:14 Guilds
41:06 Caravan
42:28 Town Patrol
Juliankahn1216
6:01 Loom
12:27 Feudal Age
13:21 Double-Bit Axe
15:22 Wheelbarrow
16:56 Town Watch
20:45 Castle Age
21:17 Stone Mining
21:24 Gold Mining
21:56 Bow Saw
24:27 Gold Mining
27:17 Hand Cart
31:00 Scale Barding Armor
32:13 Elite Skirmisher
33:23 Fletching
33:34 Padded Archer Armor
33:55 Husbandry
34:20 Chain Barding Armor
34:33 Murder Holes
34:59 Ballistics
36:16 Town Watch
38:19 Forging
38:04 Bodkin Arrow
40:15 Iron Casting
40:35 Pikeman
41:16 Squires
41:31 Scale Mail Armor
42:07 Husbandry
43:37 Chain Mail Armor
45:44 Guard Tower
eloycorsob
0:58 Loom
6:51 Double-Bit Axe
8:22 Horse Collar
11:05 Wheelbarrow
12:35 Feudal Age
12:59 Gold Mining
14:24 Heavy Plow
14:37 Bow Saw
15:23 Gold Shaft Mining
18:45 Stone Mining
19:46 Hand Cart
23:36 Castle Age
24:31 Caravan
24:10 Light Cavalry
24:52 Husbandry
24:15 Cavalier
26:42 Squires
26:27 Arson
28:25 Scale Barding Armor
28:36 Forging
30:45 Burgundian Vineyards
36:30 Imperial Age
34:40 Stone Shaft Mining
37:05 Town Watch
38:26 Chemistry
37:46 Ballistics
38:46 Hussar
38:48 Paladin
43:08 Crop Rotation
42:42 Town Patrol
43:10 Chain Barding Armor
43:26 Iron Casting
42:51 Scale Mail Armor
42:41 Fletching
42:52 Padded Archer Armor
5 ft into the air
0:33 Loom
10:34 Feudal Age
11:01 Horse Collar
13:13 Double-Bit Axe
18:42 Man-at-Arms
23:30 Castle Age
22:08 Wheelbarrow
21:51 Stone Mining
21:51 Gold Mining
25:24 Bow Saw
25:24 Scale Barding Armor
25:33 Forging
25:26 Scale Mail Armor
25:19 Fletching
26:31 Stone Shaft Mining
29:27 Pikeman
31:38 Light Cavalry
32:22 Husbandry
34:44 Fervor
37:32 Imperial Age
34:51 Town Watch
35:14 Scale Barding Armor
35:44 Iron Casting
35:10 Padded Archer Armor
35:28 Chain Mail Armor
35:09 Bodkin Arrow
36:39 Long Swordsman
37:43 Murder Holes
38:11 Halberdier
39:06 Squires
40:07 Hand Cart
40:31 Hoardings
45:20 Chemistry
44:41 Ballistics
46:55 Two-Handed Swordsman
49:23 Champion
49:53 Gambesons
pvccarvalho
1:18 Loom
14:18 Feudal Age
15:55 Wheelbarrow
15:06 Town Watch
15:15 Double-Bit Axe
15:13 Horse Collar
15:03 Man-at-Arms
17:03 Stone Mining
18:02 Gold Mining
20:56 Fletching
25:27 Padded Archer Armor
28:14 Castle Age
26:44 Arson
29:04 Bodkin Arrow
29:26 Leather Archer Armor
29:12 Scale Mail Armor
29:23 Forging
29:03 Light Cavalry
29:05 Elite Skirmisher
29:53 Long Swordsman
30:38 Squires
31:25 Caravan
31:28 Pikeman
33:36 Chain Mail Armor
34:10 Ballistics
34:58 Hand Cart
35:06 Guard Tower
35:41 Crossbowman
36:54 Bow Saw
37:50 Iron Casting
37:56 Heavy Plow
38:10 Fervor
38:53 Scale Barding Armor
39:01 Masonry
39:49 Murder Holes
41:22 Town Patrol
41:40 Fortified Wall
41:37 Great Wall
43:14 Stone Shaft Mining
43:31 Chain Barding Armor
45:12 Gold Shaft Mining
44:49 Heated Shot
47:56 Thumb Ring
Red Hood
11:41 Feudal Age
12:46 Double-Bit Axe
17:07 Castle Age
16:34 Stone Mining
16:28 Horse Collar
19:38 Heavy Plow
19:58 Bow Saw
24:39 Squires
25:51 Forging
25:41 Scale Mail Armor
27:48 Iron Casting
27:31 Chain Mail Armor
27:47 Arson
34:02 Gold Mining
38:59 Imperial Age
37:36 Gold Shaft Mining
39:08 Elite Jomsviking
39:14 Elite Varangian Guard
39:54 Capped Ram
42:09 Wheelbarrow
42:14 Gambesons
42:57 Siege Ram
50:09 Stone Shaft Mining
w__tiger
12:20 Feudal Age
17:31 Castle Age
19:50 Gold Mining
21:49 Double-Bit Axe
28:02 Imperial Age
27:12 Gold Shaft Mining
26:52 Bow Saw
27:06 Husbandry
27:18 Scale Barding Armor
27:24 Forging
28:26 Cavalier
29:52 Iron Casting
29:37 Chain Barding Armor
31:05 Wheelbarrow
31:45 Blast Furnace
31:08 Conscription
32:48 Chivalry
32:12 Paladin
34:10 Plate Barding Armor
34:58 Caravan
47:10 Chemistry
46:32 Ballistics
乔巴
9:48 Loom
18:26 Feudal Age
19:41 Gold Mining
25:14 Double-Bit Axe
28:55 Castle Age
29:22 Horse Collar
36:24 Imperial Age
34:33 Gold Shaft Mining
35:01 Bow Saw
34:35 Horse Collar
35:39 Heavy Plow
37:16 Ballistics
36:53 Treadmill Crane
37:28 Masonry
40:58 Artillery
Connection lost

Rejoining the realm…

Still unreachable

The connection could not be restored.

Session expired

The server has moved on; the page needs a fresh start.